 Dungeon Crawl Stone Soup version 0.30.0 (webtiles) character file.

Game seed: 15764384089175156420

809 olmar the Cudgeller (level 7, -6/61 HPs)
             Began as a Ghoul Monk on May 6, 2023.
             Killed by divine providence
             ... invoked by an orc priest
              (14 damage)
             ... on level 4 of the Dungeon.
             The game lasted 00:08:55 (4996 turns).

olmar the Cudgeller (Ghoul Monk)                    Turns: 4996, Time: 00:08:56

Health: -6/61      AC:  3    Str: 17    XL:     7   Next: 92%
Magic:  6/6        EV: 13    Int:  5    God:
Gold:   229        SH:  0    Dex: 11    Spells: 6/6 levels left

rFire   . . .        u - +0 mace (venom)
rCold   + . .        d - orb {light}
rNeg    + + +        b - +0 robe
rPois   ∞            B - +0 helmet
rElec   .            (no cloak)
rCorr   .            (no gloves)
SInv    .            (no boots)
Will    .....        f - amulet of magic regeneration
Stlth   +            t - +4 ring of slaying
HPRegen 0.00/turn    (no ring)
MPRegen 0.50/turn

%: no passive effects
@: confused, ambrosia-drunk, inhibited regen, glowing
A: claws 1, cold resistance 1, negative energy resistance 3, inhibited
regeneration, torment resistance 2, devour on kill
a: no special abilities


You were on level 4 of the Dungeon.
You visited 1 branch of the dungeon, and saw 5 of its levels.
You also visited: Sewer.

You collected 229 gold pieces.

Inventory:

Hand Weapons
 a - a +0 mace
 u - a +0 mace of venom (weapon)
Missiles
 p - 6 poisoned darts (quivered)
 s - 5 datura-tipped darts
 v - 5 curare-tipped darts
Armour
 b - a +0 robe (worn)
 d - an orb of light (worn)
 B - a +0 helmet (worn)
Jewellery
 f - an amulet of magic regeneration (around neck)
 t - a +4 ring of slaying (left claw)
Wands
 n - a wand of light (7)
 w - a wand of polymorph (4)
 y - a wand of flame (12)
Scrolls
 h - a scroll of noise {unknown}
 j - a scroll of fog {unknown}
 k - 2 scrolls of teleportation {unknown}
 l - a scroll of enchant weapon {unknown}
 q - 3 scrolls of blinking {unknown}
 x - a scroll of vulnerability {unknown}
 A - a scroll of fear {unknown}
Potions
 e - a potion of degeneration
 g - a potion of lignification
 i - a potion of haste {unknown}
 m - 2 potions of berserk rage
 o - 6 potions of curing {unknown}
 r - 2 potions of might {unknown}
 z - a potion of attraction {unknown}


   Skills:
 + Level 5.5 Fighting
 + Level 6.5 Maces & Flails
 + Level 4.2 Dodging
 - Level 0.8 Stealth


You had 6 spell levels left.
You didn't know any spells.
Your spell library contained the following spells:

 Spells                   Type           Power      Damage    Failure   Level
 Magic Dart               Conj           0%         1d3       47%         1
 Summon Small Mammal      Summ           0%         N/A       47%         1
 Call Imp                 Summ           0%         N/A       63%         2
 Call Canine Familiar     Summ           0%         N/A       85%         3
 Mephitic Cloud           Conj/Pois/Air  0%         N/A       85%         3
 Summon Guardian Golem    Hex/Summ       0%         N/A       85%         3


Dungeon Overview and Level Annotations

Branches:
Dungeon (5/15)              Sewer (visited)
 Temple: D:4-7

Altars:
Xom

Shops:
D:1 ?![

Annotations:
D:4 Edmund


Innate Abilities, Weirdness & Mutations

You are immune to poison.
You have sharp fingernails.
Your flesh is cold resistant. (rC+)
You are immune to negative energy. (rN+++)
You do not regenerate when monsters are visible.
You are immune to unholy pain and torment.
You thrive by killing the living.


Message History

You hear a shout!
The orc wizard casts a spell at you. The puff of flame hits you!
There is a stone staircase leading up here.
Unknown command.
You sock the orc priest!
The orc priest is heavily wounded.
The orc priest closely misses you. Edmund misses you.
Unknown command.
Unknown command.
Unknown command.
The orc priest closely misses you.
Edmund hits you with a +1 flail of holy wrath!
You convulse!
The orc closely misses you.
You climb upwards.
There is a stone staircase leading down here.
Unknown command.
Unknown command.
Okay, then.
You are confused.
You feel invigorated.
Edmund hits you with a +1 flail of holy wrath!
You convulse!
* * * LOW HITPOINT WARNING * * *
The orc priest hits you but does no damage.
You barely miss the orc priest.
The orc priest is heavily wounded.
Edmund closely misses you. The orc closely misses you.
The orc priest closely misses you.
Unknown command.
You hit the orc priest.
The orc priest is poisoned.
The orc priest is severely wounded.
Edmund hits you with a +1 flail of holy wrath.
* * * LOW HITPOINT WARNING * * *
You convulse.
* * * LOW HITPOINT WARNING * * *
The orc completely misses you.
The orc priest calls down the wrath of Beogh upon you.
Beogh smites you!
You die...

################ ####
#..............# ...#####
#..............# ##.#...#
#..............##### #.#...#
#..............'...# ##.#...#
#..............###.# ...#...#
#..............# #.#
...#...#########'#########.# #.#
................@o.........###.#
...............o@.###..........#
.#................###.##########
.##...............##.........#
.##....#########.###.........#
.......# #.###.........#
..##...# #######.##..........#
>.##...# #........#..........#
.###.### #........#..........#


You could see Edmund, an orc priest (very poisoned) and an orc.

Vanquished Creatures
  Grinder (D:3)
  Pargi (Sewer)
  2 scorpions (D:4)
  2 hounds
  4 iguanas (D:4)
  An orc wizard (D:4)
  Natasha (twice) (D:3)
  4 adders (D:3)
  4 gnolls
  2 river rats (D:4)
  An ufetubus (D:4)
  A worm (D:3)
  2 dart slugs
  4 orcs (D:4)
  13 bats
  7 endoplasms
  5 giant cockroaches
  5 goblins
  A hobgoblin (D:1)
  4 quokkas
  10 ball pythons
  4 frilled lizards
  6 kobolds
  7 rats
93 creatures vanquished.

Notes
Turn   | Place    | Note
-------+----------+-------------------------------------------
     0 | D:1      | olmar the Ghoul Monk began the quest for the Orb.
     0 | D:1      | Reached XP level 1. HP: 19/19 MP: 0/0
    39 | D:1      | Found Jaunor's Distillery.
   234 | D:1      | Reached XP level 2. HP: 26/26 MP: 1/1
   235 | D:1      | Found Kotempeo's Armour Shop.
   317 | D:1      | Found Sotafos's Magic Scroll Shoppe.
   385 | D:1      | Reached skill level 3 in Maces & Flails
  1058 | D:2      | Reached XP level 3. HP: 28/33 MP: 2/2
  1276 | D:2      | Found a shimmering altar of Xom.
  2035 | D:2      | Reached XP level 4. HP: 17/40 MP: 3/3
  3112 | D:3      | Reached XP level 5. HP: 44/46 MP: 4/4
  3133 | D:3      | Noticed Grinder
  3133 | D:3      | Paralysed by Grinder for 5 turns
  3318 | D:3      | Noticed Natasha
  3322 | D:3      | Killed Natasha
  3323 | D:3      | Reached skill level 4 in Maces & Flails
  3393 | D:3      | Paralysed by Grinder for 4 turns
  3398 | D:3      | Paralysed by Grinder for 5 turns
  3406 | D:3      | Killed Grinder
  3407 | D:3      | Reached skill level 5 in Maces & Flails
  3407 | D:3      | Reached XP level 6. HP: 23/53 MP: 5/5
  3433 | D:3      | Noticed Natasha
  3440 | D:3      | Killed Natasha
  3942 | D:4      | Reached XP level 7. HP: 53/60 MP: 6/6
  3954 | D:4      | Found a glowing drain.
  3981 | Sewer    | Entered a sewer
  3991 | Sewer    | Reached skill level 5 in Fighting
  4011 | Sewer    | Noticed Pargi
  4024 | Sewer    | Killed Pargi
  4264 | D:4      | Reached skill level 6 in Maces & Flails
  4939 | D:5      | Entered Level 5 of the Dungeon
  4990 | D:5      | Noticed Edmund
  4996 | D:4      | Killed from afar by an orc priest

Illustrated notes

Levels and vault maps discovered:
D:1:      dpeg_arrival_rooms_a, layout_basic, serial_shops, shop, shop,
          nicolae_shop_stone
D:2:      layout_basic, basic_altar
D:3:      minmay_recursive_quarters, layout_loops_corners, uniq_terence,
          uniq_grinder, uniq_natasha
D:4:      kennysheep_big_flooded_room, layout_basic, portal_sewer_entry_b
D:5:      layout_rooms, mainiacjoe_overflow_boulevard,
          mainiacjoe_overflow_alcove_4, serial_demonic, serial_demonic_a,
          serial_demonic_g, serial_demonic_d, serial_demonic_c,
          serial_demonic_g, serial_demonic_e, chequers_avenue,
          uniq_crazy_yiuf_cottage, uniq_edmund

Skill      XL: |  1  2  3  4  5  6  7 |
---------------+----------------------+-----
Maces & Flails | 3 5 6 |  6.5
Dodging        | 3 4 |  4.2
Fighting       | 4 5 |  5.5
Stealth        | |  0.8

Action                     |  1- 3 |  4- 6 |  7- 9 || total
---------------------------+-------+-------+-------++-------
  Melee: Mace              |   117 |    79 |    71 ||   267
  Evoke: Wand              |       |     3 |       ||     3
    Use: Scroll            |     3 |     2 |       ||     5
         Potion            |       |     1 |     1 ||     2
   Stab: Invisible         |       |     1 |       ||     1
 Armour: Robe              |    25 |    19 |    11 ||    55
  Dodge: Dodged            |    80 |    43 |    67 ||   190
